Harfangs vs Tamiflu (R1)

Created - May 31, 2017 at 23:07

Goals
1 2 3 OT1 T
Harfangs 0 1 2 0 3
Tamiflu 0 2 1 1 4
Shots
1 2 3 OT1 T
Harfangs 6 16 16 0 38
Tamiflu 11 10 13 3 37

1st period

No Goal

Penalties :
Robert Dome (Det) for Roughing (Minor) at 6:00, Mattias Tedenby (Det) for Holding (Minor) at 15:25

2nd period

1. Tamiflu , Mattias Tedenby 1 (Jan Mursak 1) at 3:49
2. Harfangs , Dustin Jeffrey 1 (Victor Bartley 1, Brian Lashoff 1) at 8:41
3. Tamiflu , Jan Mursak 1 (Jordan Hendry 1, Greg Mauldin 1) at 9:38 (SH)

Penalties :
Greg Mauldin (Det) for Holding (Minor) at 6:09, Petr Pohl (Det) for Hooking (Minor) at 9:27, Jean-Gabriel Pageau (BEA) for Roughing (Minor) at 15:54, Jordan Hendry (Det) for Tripping (Minor) at 16:28

3rd period

4. Harfangs , Dustin Jeffrey 2 (Andrew Orpik 1, Cam Fowler 2) at 0:52
5. Harfangs , Dustin Jeffrey 3 (Brian Lashoff 2, Victor Bartley 2) at 9:19
6. Tamiflu , Rich Clune 1 (Nathan Oystrick 1, Casey Wellman 1) at 14:08

Penalties :
Nino Niederreiter (Det) for Roughing (Minor) at 2:52, Dylan Olsen (BEA) for Slashing (Minor) at 15:40

Overtime #1

7. Tamiflu , Jamie Arniel 1 (Tye McGinn 1, Petr Pohl 1) at 1:28

Penalties :
No Penalty

Goalie Stats

Jeremy Duchesne (BEA), 33 saves from 37 shots - (0.892), OTL, 1-0-1, 61:28 minutes
Thomas Greiss (Det), 35 saves from 38 shots - (0.921), W, 1-1-0, 61:28 minutes

Players Stats for Harfangs

Player Name              G  A  P  +/- PIM S  H  SB GA TA FO     MP     PP MP  PK MP  
------------------------------------------------------------------------------------
Adam Mair                0  0  0  -2  0   3  4  3  3  1  17/41  23:30   5:58   1:31 
Alex Killorn             0  0  0  -2  0   2  1  0  0  2  3/5    23:35   5:58   1:35 
Andrew Orpik             0  1  1   0  0   0  2  1  0  0  0/0    19:05   4:13   0:44 
Brandon Pirri            0  0  0   2  0   2  1  0  1  0  0/0    12:25   0:00   0:00 
Brian Lashoff            0  2  2   0  0   1  1  0  0  3  0/0    30:26   6:16   1:49 
Calle Jarnkrok           0  0  0   0  0   2  0  0  0  0  2/3     7:01   0:00   0:00 
Cam Atkinson             0  0  0  -2  0   5  2  0  0  0  1/1    22:12   6:00   0:29 
Cam Fowler               0  1  1   0  0   1  1  1  1  0  0/0    19:05   4:13   0:44 
Dennis Everberg          0  0  0   0  0   0  0  0  0  0  0/0     7:01   0:00   0:00 
Dustin Jeffrey           3  0  3   2  0   8  0  1  1  0  0/0    12:45   0:00   0:00 
Dylan Olsen              0  0  0  -1  2   0  2  1  0  1  0/0    12:57   0:00   0:00 
Jean-Gabriel Pageau      0  0  0   2  2   4  1  0  1  0  5/8    13:52   0:02   0:40 
Michal Repik             0  0  0  -1  0   3  1  0  0  1  0/3    15:45   4:29   0:00 
Nathan Beaulieu          0  0  0  -1  0   1  2  0  0  0  0/0    11:57   0:00   0:00 
Peter Olvecky            0  0  0  -1  0   1  0  0  1  1  1/1    16:41   4:31   0:29 
Petri Kontiola           0  0  0  -1  0   1  4  1  2  0  5/6    15:45   4:29   0:00 
Tomas Tatar              0  0  0   0  0   3  0  0  0  0  0/1     8:52   0:00   0:22 
Victor Bartley           0  2  2   0  0   1  3  2  0  1  0/0    30:26   6:16   1:49 

Players Stats for Tamiflu

Player Name              G  A  P  +/- PIM S  H  SB GA TA FO     MP     PP MP  PK MP  
------------------------------------------------------------------------------------
Adam Larsson             0  0  0   1  0   0  3  5  0  2  0/0    19:35   0:02   5:08 
Casey Wellman            0  1  1  -1  0   0  1  1  0  0  1/8     7:39   0:00   0:00 
Colin Greening           0  0  0  -1  0   1  0  0  0  0  0/0     8:43   0:00   1:03 
Greg Mauldin             0  1  1   0  2   7  1  1  2  0  15/25  20:14   0:57   2:49 
Jamie Arniel             1  0  1   1  0   2  0  0  0  0  9/20   20:12   1:36   2:57 
Jan Mursak               1  1  2   2  0   2  0  0  0  0  3/5    14:27   0:00   5:49 
Jordan Hendry            0  1  1   0  2   2  0  0  1  1  0/0    26:40   1:07   5:21 
Justin Braun             0  0  0   1  0   1  0  0  0  0  0/0    13:04   0:02   0:00 
Lucas Lessio             0  0  0   1  0   0  0  1  0  0  0/0    10:39   0:00   2:04 
Mattias Tedenby          1  0  1   1  2   1  0  0  0  0  0/0     9:10   1:23   0:00 
Nathan Oystrick          0  1  1   0  0   1  1  1  0  1  0/0    19:55   0:00   5:00 
Nino Niederreiter        0  0  0  -1  2   3  3  1  0  0  1/1    18:48   0:57   2:00 
Petr Pohl                0  1  1   1  2   6  1  0  3  0  5/8    22:41   1:36   4:15 
Philip Samuelsson        0  0  0   0  0   2  2  1  0  3  0/0    27:05   1:08   5:21 
Rich Clune               1  0  1  -1  0   1  1  0  0  0  0/0     7:18   0:00   0:00 
Robert Dome              0  0  0  -1  2   3  1  0  2  1  1/1    16:14   0:57   0:01 
Stefan Elliott           0  0  0   0  0   2  0  1  0  1  0/0    15:52   1:23   0:08 
Tye McGinn               0  1  1   1  0   3  2  0  2  1  0/1    17:04   1:36   0:00 

3 Stars

1 - Dustin Jeffrey (BEA)
2 - Jan Mursak (Det)
3 - Victor Bartley (BEA)

Power Play

Harfangs - 0 on 6 Attempt(s) - 0.00%
Tamiflu - 0 on 2 Attempt(s) - 0.00%

Penalty Kill

Harfangs - 2 on 2 Attempt(s) - 100.00% - Score 0 goal in Penalty Kill
Tamiflu - 6 on 6 Attempt(s) - 100.00% - Score 1 goal in Penalty Kill

Team Stat

Harfangs - Hits : 25 - Faceoff Wins : 34 - Blocked Shots : 10 - Penalty Minutes : 4
Tamiflu - Hits : 16 - Faceoff Wins : 35 - Blocked Shots : 12 - Penalty Minutes : 12

Official

Referees : McCauley Wes and McCreary Bill
Linesman : Ryan Galloway and Michel Cormier

Game Notes

Dustin Jeffrey has scored a Hat Trick!

Finance

Level 1 -- Attendance: 1738 (86.90%) -- Ticket Income $43,450
Level 2 -- Attendance: 802 (80.20%) -- Ticket Income $8,020
Total Attendance: 2540 (84.67%)
Total Ticket Income: $51,470
Other Income: $2,574
Total Income: $54,044

Harfangs

5 vs 5 Forward 
   Center                   Left Wing                Right Wing               Time % Phy DF OF 
 1 Adam Mair                Alex Killorn             Cam Atkinson             40     1   2  2  
 2 Petri Kontiola           Peter Olvecky            Michal Repik             30     1   2  2  
 3 Jean-Gabriel Pageau      Dustin Jeffrey           Brandon Pirri            20     1   2  2  
 4 Calle Jarnkrok           Tomas Tatar              Dennis Everberg          10     1   2  2  

5 vs 5 Defense 
   Defense                  Defense                                           Time % Phy DF OF 
 1 Victor Bartley           Brian Lashoff                                     40     1   2  2  
 2 Cam Fowler               Andrew Orpik                                      30     1   2  2  
 3 Nathan Beaulieu          Dylan Olsen                                       20     1   2  2  
 4 Victor Bartley           Brian Lashoff                                     10     1   2  2  

PowerPlay Forward 
   Center                   Left Wing                Right Wing               Time % Phy DF OF 
 1 Adam Mair                Alex Killorn             Cam Atkinson             60     1   2  2  
 2 Petri Kontiola           Peter Olvecky            Michal Repik             40     1   2  2  

PowerPlay Defense
   Defense                  Defense                                           Time % Phy DF OF 
 1 Victor Bartley           Brian Lashoff                                     60     1   2  2  
 2 Cam Fowler               Andrew Orpik                                      40     1   2  2  

Penalty Kill 4 Players Forward 
   Center                   Wing                     Time % Phy DF OF 
 1 Alex Killorn             Adam Mair                60     1   2  2  
 2 Peter Olvecky            Cam Atkinson             40     1   2  2  

Penalty Kill 4 Players Defense
   Defense                  Defense                  Time % Phy DF OF 
 1 Victor Bartley           Brian Lashoff            60     1   2  2  
 2 Cam Fowler               Andrew Orpik             40     1   2  2  

Penalty Kill - 3 Players Forward 
   Forward                                           Time % Phy DF OF 
 1 Alex Killorn                                      60     1   2  2  
 2 Adam Mair                                         40     1   2  2  

Penalty Kill - 3 Players Defense
   Defense                  Defense                  Time % Phy DF OF 
 1 Victor Bartley           Brian Lashoff            60     1   2  2  
 2 Cam Fowler               Andrew Orpik             40     1   2  2  

4 vs 4 Forward 
   Center                   Wing                     Time % Phy DF OF 
 1 Alex Killorn             Adam Mair                60     1   2  2  
 2 Peter Olvecky            Cam Atkinson             40     1   2  2  

4 vs 4 Defense
   Defense                  Defense                  Time % Phy DF OF 
 1 Victor Bartley           Brian Lashoff            60     1   2  2  
 2 Cam Fowler               Andrew Orpik             40     1   2  2  

Last Minutes Offensive
   Center                   Left Wing                Right Wing               Defense                  Defense                  
   Adam Mair                Alex Killorn             Cam Atkinson             Victor Bartley           Brian Lashoff            

Last Minutes Defensive
   Center                   Left Wing                Right Wing               Defense                  Defense                  
   Adam Mair                Alex Killorn             Cam Atkinson             Victor Bartley           Brian Lashoff            

Goaltenders
Starting : Jeremy Duchesne          
Backup : Darcy Kuemper            

Extra Forwards
Normal : Dustin Jeffrey, Tomas Tatar, Jean-Gabriel Pageau - PP : Dustin Jeffrey, Tomas Tatar - PK : Jean-Gabriel Pageau
Extra Defensemen
Normal : Nathan Beaulieu, Dylan Olsen, Cam Fowler - PP : Nathan Beaulieu - PK : Dylan Olsen, Cam Fowler
Penalty Shots
Alex Killorn, Adam Mair, Peter Olvecky, Cam Atkinson, Petri Kontiola

Scratches
Andreas Martinsen (Healthy), Joel Armia (Healthy), Brenden Kichton (Healthy), John Macfarland (Healthy), Sebastian Wannstrom (Healthy)
Reid McNeill (Healthy), Mark Alt (Healthy), Roman Wick (Healthy), Roman Cervenka (Healthy), Alex Plante (Healthy)
Angelo Esposito (Healthy), Nick Holden (Healthy), Anton Forsberg (Healthy), Jason Kasdorf (Healthy), Mark Visentin (Healthy)
Scott Wedgewood (Healthy)

Tamiflu

5 vs 5 Forward 
   Center                   Left Wing                Right Wing               Time % Phy DF OF 
 1 Greg Mauldin             Robert Dome              Nino Niederreiter        35     0   2  3  
 2 Jamie Arniel             Tye McGinn               Petr Pohl                35     0   2  3  
 3 Jan Mursak               Lucas Lessio             Mattias Tedenby          20     1   2  2  
 4 Casey Wellman            Rich Clune               Colin Greening           10     1   2  2  

5 vs 5 Defense 
   Defense                  Defense                                           Time % Phy DF OF 
 1 Philip Samuelsson        Jordan Hendry                                     40     1   2  2  
 2 Nathan Oystrick          Stefan Elliott                                    30     1   2  2  
 3 Justin Braun             Adam Larsson                                      20     1   2  2  
 4 Justin Braun             Adam Larsson                                      10     1   3  1  

PowerPlay Forward 
   Center                   Left Wing                Right Wing               Time % Phy DF OF 
 1 Greg Mauldin             Robert Dome              Nino Niederreiter        50     0   1  4  
 2 Jamie Arniel             Tye McGinn               Petr Pohl                50     0   1  4  

PowerPlay Defense
   Defense                  Defense                                           Time % Phy DF OF 
 1 Philip Samuelsson        Jordan Hendry                                     60     0   2  3  
 2 Stefan Elliott           Mattias Tedenby                                   40     0   2  3  

Penalty Kill 4 Players Forward 
   Center                   Wing                     Time % Phy DF OF 
 1 Petr Pohl                Jan Mursak               60     1   3  1  
 2 Jamie Arniel             Nino Niederreiter        40     1   3  1  

Penalty Kill 4 Players Defense
   Defense                  Defense                  Time % Phy DF OF 
 1 Nathan Oystrick          Adam Larsson             50     1   3  1  
 2 Philip Samuelsson        Jordan Hendry            50     1   3  1  

Penalty Kill - 3 Players Forward 
   Forward                                           Time % Phy DF OF 
 1 Jan Mursak                                        60     1   4  0  
 2 Jamie Arniel                                      40     1   4  0  

Penalty Kill - 3 Players Defense
   Defense                  Defense                  Time % Phy DF OF 
 1 Nathan Oystrick          Adam Larsson             60     1   4  0  
 2 Philip Samuelsson        Stefan Elliott           40     1   4  0  

4 vs 4 Forward 
   Center                   Wing                     Time % Phy DF OF 
 1 Greg Mauldin             Petr Pohl                50     1   2  2  
 2 Robert Dome              Nino Niederreiter        50     1   2  2  

4 vs 4 Defense
   Defense                  Defense                  Time % Phy DF OF 
 1 Philip Samuelsson        Jordan Hendry            60     1   2  2  
 2 Stefan Elliott           Justin Braun             40     1   2  2  

Last Minutes Offensive
   Center                   Left Wing                Right Wing               Defense                  Defense                  
   Greg Mauldin             Robert Dome              Petr Pohl                Philip Samuelsson        Jordan Hendry            

Last Minutes Defensive
   Center                   Left Wing                Right Wing               Defense                  Defense                  
   Jamie Arniel             Jan Mursak               Nino Niederreiter        Philip Samuelsson        Nathan Oystrick          

Goaltenders
Starting : Thomas Greiss            
Backup : Joe Fallon               

Extra Forwards
Normal : Robert Dome, Petr Pohl, Mattias Tedenby - PP : Jan Mursak, Lucas Lessio - PK : Greg Mauldin
Extra Defensemen
Normal : Philip Samuelsson, Stefan Elliott, Justin Braun - PP : Justin Braun - PK : Justin Braun, Stefan Elliott
Penalty Shots
Mattias Tedenby, Jamie Arniel, Robert Dome, Nino Niederreiter, Greg Mauldin

Scratches
Garrett Wilson (Healthy), Tanner Kero (Healthy), Greg McKegg (Healthy), Kyle Lawson (Healthy), Brett Bulmer (Healthy)
Stuart Percy (Healthy), Jerome Gauthier-Leduc (Healthy), Konrad Abeltshauser (Healthy), Phoenix Copley (Healthy), Tyler Beskorowany (Healthy)

% Time on Ice - Harfangs

Lines # - Real PCT - Wanted PCT - Time Play
Normal Forward
1 - 35% - 40% - 16:39
2 - 24% - 30% - 11:16
3 - 26% - 20% - 12:05
4 - 15% - 10% - 7:01
Normal Defense
1 - 43% - 40% - 20:10
2 - 29% - 30% - 13:36
3 - 25% - 20% - 11:57
4 - 3% - 10% - 1:18
PP Forward
1 - 57% - 60% - 5:58
2 - 43% - 40% - 4:31
PP Defense
1 - 60% - 60% - 6:16
2 - 40% - 40% - 4:13
PK Forward
1 - 81% - 60% - 2:04
2 - 19% - 40% - 0:29
PK Defense
1 - 71% - 60% - 1:49
2 - 29% - 40% - 0:44
PK3 Forward
1 - 0% - 60%
2 - 0% - 40%
PK3 Defense
1 - 0% - 60%
2 - 0% - 40%
44 Forward
1 - 71% - 60% - 1:00
2 - 29% - 40% - 0:25
44 Defense
1 - 62% - 60% - 0:53
2 - 38% - 40% - 0:32
Last Minute Offensive  - 0:00
Last Minute Defensive  - 0:00
Total
Forward - 61:28
Defense - 61:28

% Time on Ice - Tamiflu

Lines # - Real PCT - Wanted PCT - Time Play
Normal Forward
1 - 33% - 35% - 15:37
2 - 35% - 35% - 16:22
3 - 16% - 20% - 7:44
4 - 16% - 10% - 7:18
Normal Defense
1 - 44% - 40% - 20:35
2 - 31% - 30% - 14:25
3 - 21% - 20% - 9:43
4 - 5% - 10% - 2:18
PP Forward
1 - 37% - 50% - 0:57
2 - 63% - 50% - 1:36
PP Defense
1 - 46% - 60% - 1:10
2 - 54% - 40% - 1:23
PK Forward
1 - 72% - 60% - 7:31
2 - 28% - 40% - 2:58
PK Defense
1 - 49% - 50% - 5:08
2 - 51% - 50% - 5:21
PK3 Forward
1 - 0% - 60%
2 - 0% - 40%
PK3 Defense
1 - 0% - 60%
2 - 0% - 40%
44 Forward
1 - 48% - 50% - 0:41
2 - 52% - 50% - 0:44
44 Defense
1 - 100% - 60% - 1:25
2 - 0% - 40% - 0:00
Last Minute Offensive  - 0:00
Last Minute Defensive  - 0:00
Total
Forward - 61:28
Defense - 61:28

Play by Play

1st period


0:01 of 1st period - Robert Dome wins face-off versus Adam Mair in neutral zone.
0:27 of 1st period - Victor Bartley is hit by Tye McGinn and loses puck.
0:52 of 1st period - Snap shot by Dustin Jeffrey.
0:52 of 1st period - Stopped by Thomas Greiss with a rebound.
1:18 of 1st period - Snap shot by Tomas Tatar.
1:18 of 1st period - Stopped by Thomas Greiss with a rebound.
1:47 of 1st period - Wrist shot by Tye McGinn.
1:47 of 1st period - Stopped by Jeremy Duchesne with a rebound.
1:55 of 1st period - Adam Larsson is hit by Victor Bartley.
2:43 of 1st period - Icing by Adam Mair.
2:44 of 1st period - Jamie Arniel wins face-off versus Adam Mair in Harfangs zone.
2:53 of 1st period - Wrist shot by Petr Pohl.
2:53 of 1st period - Stopped by Jeremy Duchesne without a rebound.
2:54 of 1st period - Petri Kontiola wins face-off versus Jamie Arniel in Harfangs zone.
3:23 of 1st period - Petr Pohl is hit by Victor Bartley and loses puck.
4:48 of 1st period - Off-side.
4:49 of 1st period - Adam Mair wins face-off versus Greg Mauldin in neutral zone.
5:03 of 1st period - Off-side.
5:04 of 1st period - Jean-Gabriel Pageau wins face-off versus Jan Mursak in neutral zone.
5:15 of 1st period - Lucas Lessio is hit by Nathan Beaulieu and loses puck.
5:38 of 1st period - Snap shot by Greg Mauldin.
5:38 of 1st period - Stopped by Jeremy Duchesne without a rebound.
5:39 of 1st period - Greg Mauldin wins face-off versus Tomas Tatar in Harfangs zone.
6:00 of 1st period - Minor Penalty to Robert Dome for Roughing.
6:01 of 1st period - Petr Pohl wins face-off versus Adam Mair in Tamiflu zone.
6:42 of 1st period - Jordan Hendry is hit by Adam Mair and loses puck.
6:55 of 1st period - Victor Bartley is hit by Nino Niederreiter and loses puck.
7:27 of 1st period - Icing by Peter Olvecky.
7:28 of 1st period - Petri Kontiola wins face-off versus Jamie Arniel in Harfangs zone.
8:00 of 1st period - Penalty to Robert Dome is over, Robert Dome is back on ice.
8:14 of 1st period - Slapshot by Nathan Oystrick.
8:14 of 1st period - Shot Blocked by Cam Fowler.
8:28 of 1st period - Snap shot by Robert Dome.
8:28 of 1st period - Deflect By Tomas Tatar.
8:28 of 1st period - Stopped by Jeremy Duchesne with a rebound.
8:30 of 1st period - Slapshot by Justin Braun.
8:30 of 1st period - Stopped by Jeremy Duchesne with a rebound.
8:32 of 1st period - Slapshot by Robert Dome.
8:32 of 1st period - Stopped by Jeremy Duchesne without a rebound.
8:33 of 1st period - Calle Jarnkrok wins face-off versus Greg Mauldin in Harfangs zone.
8:33 of 1st period - Calle Jarnkrok is hit by Philip Samuelsson.
9:26 of 1st period - Slapshot by Alex Killorn.
9:26 of 1st period - Stopped by Thomas Greiss without a rebound.
9:27 of 1st period - Adam Mair wins face-off versus Greg Mauldin in Tamiflu zone.
9:54 of 1st period - Adam Larsson is hit by Jean-Gabriel Pageau and loses puck.
10:33 of 1st period - Stefan Elliott is hit by Cam Atkinson and loses puck.
10:41 of 1st period - Nathan Oystrick is hit by Dylan Olsen and loses puck.
10:49 of 1st period - Icing by Adam Mair.
10:50 of 1st period - Greg Mauldin wins face-off versus Adam Mair in Harfangs zone.
11:54 of 1st period - Slapshot by Cam Fowler.
11:54 of 1st period - Deflect By Stefan Elliott.
11:54 of 1st period - Stopped by Thomas Greiss with a rebound.
11:56 of 1st period - Slapshot by Cam Fowler.
11:56 of 1st period - Shot Misses the Net.
12:44 of 1st period - Adam Larsson is hit by Dylan Olsen and loses puck.
13:05 of 1st period - Snap shot by Petri Kontiola.
13:05 of 1st period - Deflect By Peter Olvecky.
13:05 of 1st period - Stopped by Thomas Greiss without a rebound.
13:06 of 1st period - Greg Mauldin wins face-off versus Michal Repik in Tamiflu zone.
13:41 of 1st period - Wrist shot by Nino Niederreiter.
13:41 of 1st period - Stopped by Jeremy Duchesne with a rebound.
13:43 of 1st period - Wrist shot by Jordan Hendry.
13:43 of 1st period - Deflect By Greg Mauldin.
13:43 of 1st period - Stopped by Jeremy Duchesne without a rebound.
13:44 of 1st period - Adam Mair wins face-off versus Jamie Arniel in Harfangs zone.
14:22 of 1st period - Snap shot by Brandon Pirri.
14:22 of 1st period - Shot Misses the Net.
14:44 of 1st period - Snap shot by Petr Pohl.
14:44 of 1st period - Stopped by Jeremy Duchesne with a rebound.
14:52 of 1st period - Slapshot by Jamie Arniel.
14:52 of 1st period - Deflect By Dustin Jeffrey.
14:52 of 1st period - Stopped by Jeremy Duchesne without a rebound.
14:53 of 1st period - Nino Niederreiter wins face-off versus Adam Mair in Harfangs zone.
14:56 of 1st period - Wrist shot by Greg Mauldin.
14:56 of 1st period - Shot Misses the Net.
14:58 of 1st period - Slapshot by Philip Samuelsson.
14:58 of 1st period - Shot Blocked by Adam Mair.
15:00 of 1st period - Slapshot by Robert Dome.
15:00 of 1st period - Shot Misses the Net.
15:25 of 1st period - Minor Penalty to Mattias Tedenby for Holding.
15:26 of 1st period - Adam Mair wins face-off versus Petr Pohl in Tamiflu zone.
17:00 of 1st period - Victor Bartley is hit by Nathan Oystrick and loses puck.
17:20 of 1st period - Icing by Alex Killorn.
17:21 of 1st period - Greg Mauldin wins face-off versus Adam Mair in Harfangs zone.
17:24 of 1st period - Snap shot by Greg Mauldin.
17:24 of 1st period - Stopped by Jeremy Duchesne without a rebound.
17:25 of 1st period - Penalty to Mattias Tedenby is over, Mattias Tedenby is back on ice.
17:25 of 1st period - Jean-Gabriel Pageau wins face-off versus Greg Mauldin in Harfangs zone.
17:51 of 1st period - Cam Fowler is hit by Adam Larsson and loses puck.
17:58 of 1st period - Jamie Arniel is hit by Petri Kontiola and loses puck.
18:22 of 1st period - Alex Killorn is hit by Adam Larsson and loses puck.
18:47 of 1st period - Snap shot by Cam Atkinson.
18:47 of 1st period - Stopped by Thomas Greiss with a rebound.
18:59 of 1st period - Wrist shot by Robert Dome.
18:59 of 1st period - Shot Blocked by Victor Bartley.
19:02 of 1st period - Icing by Dustin Jeffrey.
19:03 of 1st period - Greg Mauldin wins face-off versus Jean-Gabriel Pageau in Harfangs zone.
Goals for this period are 0 for Harfangs vs 0 for Tamiflu.
Shots for this period are 6 for Harfangs vs 11 for Tamiflu.

2nd period


0:01 of 2nd period - Adam Mair wins face-off versus Jamie Arniel in neutral zone.
0:14 of 2nd period - Wrist shot by Jamie Arniel.
0:14 of 2nd period - Shot Blocked by Adam Mair.
0:16 of 2nd period - Snap shot by Petr Pohl.
0:16 of 2nd period - Shot Misses the Net.
0:52 of 2nd period - Slapshot by Brandon Pirri.
0:52 of 2nd period - Shot Blocked by Adam Larsson.
0:54 of 2nd period - Backhand shot by Cam Fowler.
0:54 of 2nd period - Shot Blocked by Adam Larsson.
0:56 of 2nd period - Snap shot by Jean-Gabriel Pageau.
0:56 of 2nd period - Stopped by Thomas Greiss with a rebound.
0:58 of 2nd period - Snap shot by Dustin Jeffrey.
0:58 of 2nd period - Stopped by Thomas Greiss with a rebound.
1:05 of 2nd period - Icing by Justin Braun.
1:06 of 2nd period - Calle Jarnkrok wins face-off versus Casey Wellman in Tamiflu zone.
1:31 of 2nd period - Jamie Arniel is hit by Adam Mair and loses puck.
1:42 of 2nd period - Slapshot by Cam Atkinson.
1:42 of 2nd period - Stopped by Thomas Greiss with a rebound.
1:49 of 2nd period - Icing by Jordan Hendry.
1:50 of 2nd period - Jamie Arniel wins face-off versus Petri Kontiola in Tamiflu zone.
2:05 of 2nd period - Wrist shot by Greg Mauldin.
2:05 of 2nd period - Stopped by Jeremy Duchesne with a rebound.
2:38 of 2nd period - Icing by Peter Olvecky.
2:39 of 2nd period - Jamie Arniel wins face-off versus Michal Repik in Harfangs zone.
2:54 of 2nd period - Snap shot by Peter Olvecky.
2:54 of 2nd period - Deflect By Michal Repik.
2:54 of 2nd period - Stopped by Thomas Greiss without a rebound.
2:55 of 2nd period - Greg Mauldin wins face-off versus Adam Mair in Tamiflu zone.
3:12 of 2nd period - Robert Dome is hit by Cam Atkinson and loses puck.
3:45 of 2nd period - Wrist shot by Jan Mursak.
3:45 of 2nd period - Deflect By Lucas Lessio.
3:45 of 2nd period - Shot Blocked by Dustin Jeffrey.
3:45 of 2nd period - Puck is out of play.
3:46 of 2nd period - Jan Mursak wins face-off versus Jean-Gabriel Pageau in Harfangs zone.
3:49 of 2nd period - Snap shot by Mattias Tedenby.
3:49 of 2nd period - Goal by Mattias Tedenby - Harfangs : 0 - Tamiflu : 1.
3:50 of 2nd period - Greg Mauldin wins face-off versus Adam Mair in neutral zone.
3:53 of 2nd period - Snap shot by Nino Niederreiter.
3:53 of 2nd period - Stopped by Jeremy Duchesne without a rebound.
3:54 of 2nd period - Greg Mauldin wins face-off versus Adam Mair in Harfangs zone.
3:57 of 2nd period - Wrist shot by Nino Niederreiter.
3:57 of 2nd period - Stopped by Jeremy Duchesne with a rebound.
4:09 of 2nd period - Slapshot by Greg Mauldin.
4:09 of 2nd period - Stopped by Jeremy Duchesne without a rebound.
4:10 of 2nd period - Peter Olvecky wins face-off versus Jamie Arniel in Harfangs zone.
4:19 of 2nd period - Wrist shot by Michal Repik.
4:19 of 2nd period - Stopped by Thomas Greiss without a rebound.
4:20 of 2nd period - Petri Kontiola wins face-off versus Jamie Arniel in Tamiflu zone.
4:33 of 2nd period - Wrist shot by Michal Repik.
4:33 of 2nd period - Stopped by Thomas Greiss without a rebound.
4:34 of 2nd period - Adam Mair wins face-off versus Greg Mauldin in Tamiflu zone.
5:22 of 2nd period - Snap shot by Jordan Hendry.
5:22 of 2nd period - Deflect By Andrew Orpik.
5:22 of 2nd period - Stopped by Jeremy Duchesne with a rebound.
5:42 of 2nd period - Snap shot by Colin Greening.
5:42 of 2nd period - Shot Blocked by Andrew Orpik.
5:44 of 2nd period - Slapshot by Nathan Oystrick.
5:44 of 2nd period - Deflect By Andrew Orpik.
5:44 of 2nd period - Stopped by Jeremy Duchesne with a rebound.
5:46 of 2nd period - Slapshot by Adam Larsson.
5:46 of 2nd period - Deflect By Rich Clune.
5:46 of 2nd period - Shot Misses the Net.
5:46 of 2nd period - Puck is out of play.
5:47 of 2nd period - Adam Mair wins face-off versus Greg Mauldin in Harfangs zone.
5:47 of 2nd period - Adam Mair is hit by Nino Niederreiter.
5:55 of 2nd period - Slapshot by Cam Atkinson.
5:55 of 2nd period - Shot Hit the Post.
6:09 of 2nd period - Minor Penalty to Greg Mauldin for Holding.
6:10 of 2nd period - Adam Mair wins face-off versus Petr Pohl in Tamiflu zone.
6:17 of 2nd period - Snap shot by Adam Mair.
6:17 of 2nd period - Stopped by Thomas Greiss without a rebound.
6:18 of 2nd period - Petr Pohl wins face-off versus Adam Mair in Tamiflu zone.
6:23 of 2nd period - Snap shot by Cam Atkinson.
6:23 of 2nd period - Stopped by Thomas Greiss with a rebound.
6:31 of 2nd period - Snap shot by Adam Mair.
6:31 of 2nd period - Stopped by Thomas Greiss without a rebound.
6:32 of 2nd period - Petr Pohl wins face-off versus Adam Mair in Tamiflu zone.
6:32 of 2nd period - Petr Pohl is hit by Adam Mair.
6:58 of 2nd period - Jan Mursak is hit by Brian Lashoff and loses puck.
7:24 of 2nd period - Jamie Arniel is hit by Alex Killorn.
7:56 of 2nd period - Backhand shot by Nathan Oystrick.
7:56 of 2nd period - Shot Misses the Net.
8:09 of 2nd period - Penalty to Greg Mauldin is over, Greg Mauldin is back on ice.
8:16 of 2nd period - Wrist shot by Tomas Tatar.
8:16 of 2nd period - Stopped by Thomas Greiss with a rebound.
8:18 of 2nd period - Wrist shot by Tomas Tatar.
8:18 of 2nd period - Shot Blocked by Greg Mauldin.
8:28 of 2nd period - Slapshot by Tomas Tatar.
8:28 of 2nd period - Stopped by Thomas Greiss without a rebound.
8:29 of 2nd period - Jean-Gabriel Pageau wins face-off versus Casey Wellman in Tamiflu zone.
8:33 of 2nd period - Wrist shot by Dustin Jeffrey.
8:33 of 2nd period - Stopped by Thomas Greiss with a rebound.
8:35 of 2nd period - Slapshot by Brian Lashoff.
8:35 of 2nd period - Stopped by Thomas Greiss with a rebound.
8:37 of 2nd period - Slapshot by Victor Bartley.
8:37 of 2nd period - Shot Blocked by Adam Larsson.
8:41 of 2nd period - Wrist shot by Dustin Jeffrey.
8:41 of 2nd period - Goal by Dustin Jeffrey - Harfangs : 1 - Tamiflu : 1.
8:42 of 2nd period - Cam Atkinson wins face-off versus Greg Mauldin in neutral zone.
9:13 of 2nd period - Wrist shot by Tye McGinn.
9:13 of 2nd period - Stopped by Jeremy Duchesne without a rebound.
9:14 of 2nd period - Petri Kontiola wins face-off versus Jamie Arniel in Harfangs zone.
9:14 of 2nd period - Petri Kontiola is hit by Petr Pohl.
9:27 of 2nd period - Minor Penalty to Petr Pohl for Hooking.
9:28 of 2nd period - Greg Mauldin wins face-off versus Adam Mair in Tamiflu zone.
9:38 of 2nd period - Slapshot by Jan Mursak.
9:38 of 2nd period - Goal by Jan Mursak - Harfangs : 1 - Tamiflu : 2.
9:39 of 2nd period - Greg Mauldin wins face-off versus Adam Mair in neutral zone.
10:30 of 2nd period - Jamie Arniel is hit by Cam Fowler and loses puck.
11:27 of 2nd period - Penalty to Petr Pohl is over, Petr Pohl is back on ice.
11:41 of 2nd period - Nathan Oystrick is hit by Andrew Orpik and loses puck.
12:08 of 2nd period - Tomas Tatar is hit by Rich Clune and loses puck.
14:07 of 2nd period - Petr Pohl is hit by Andrew Orpik and loses puck.
14:30 of 2nd period - Colin Greening is hit by Brandon Pirri and loses puck.
14:52 of 2nd period - Adam Larsson is hit by Michal Repik.
15:54 of 2nd period - Minor Penalty to Jean-Gabriel Pageau for Roughing.
15:55 of 2nd period - Alex Killorn wins face-off versus Greg Mauldin in Harfangs zone.
16:05 of 2nd period - Slapshot by Philip Samuelsson.
16:05 of 2nd period - Shot Blocked by Victor Bartley.
16:07 of 2nd period - Snap shot by Greg Mauldin.
16:07 of 2nd period - Deflect By Adam Mair.
16:07 of 2nd period - Shot Misses the Net.
16:07 of 2nd period - Puck is out of play.
16:08 of 2nd period - Jamie Arniel wins face-off versus Alex Killorn in Harfangs zone.
16:28 of 2nd period - Minor Penalty to Jordan Hendry for Tripping.
16:29 of 2nd period - Greg Mauldin wins face-off versus Alex Killorn in Tamiflu zone.
16:55 of 2nd period - Alex Killorn is hit by Nino Niederreiter and loses puck.
17:48 of 2nd period - Peter Olvecky is hit by Adam Larsson and loses puck.
17:54 of 2nd period - Penalty to Jean-Gabriel Pageau is over, Jean-Gabriel Pageau is back on ice.
18:01 of 2nd period - Snap shot by Michal Repik.
18:01 of 2nd period - Deflect By Peter Olvecky.
18:01 of 2nd period - Shot Misses the Net.
18:01 of 2nd period - Puck is out of play.
18:02 of 2nd period - Petr Pohl wins face-off versus Michal Repik in Tamiflu zone.
18:02 of 2nd period - Petr Pohl is hit by Petri Kontiola.
18:28 of 2nd period - Penalty to Jordan Hendry is over, Jordan Hendry is back on ice.
18:55 of 2nd period - Snap shot by Calle Jarnkrok.
18:55 of 2nd period - Shot Blocked by Adam Larsson.
18:57 of 2nd period - Snap shot by Tomas Tatar.
18:57 of 2nd period - Shot Hit the Post.
19:31 of 2nd period - Slapshot by Petri Kontiola.
19:31 of 2nd period - Shot Misses the Net.
19:33 of 2nd period - Slapshot by Nathan Beaulieu.
19:33 of 2nd period - Deflect By Petr Pohl.
19:33 of 2nd period - Stopped by Thomas Greiss without a rebound.
19:34 of 2nd period - Casey Wellman wins face-off versus Adam Mair in Tamiflu zone.
19:39 of 2nd period - Slapshot by Philip Samuelsson.
19:39 of 2nd period - Stopped by Jeremy Duchesne without a rebound.
19:40 of 2nd period - Adam Mair wins face-off versus Casey Wellman in Harfangs zone.
19:51 of 2nd period - Slapshot by Adam Mair.
19:51 of 2nd period - Stopped by Thomas Greiss without a rebound.
19:52 of 2nd period - Jamie Arniel wins face-off versus Adam Mair in Tamiflu zone.
19:58 of 2nd period - Off-side.
19:59 of 2nd period - Jamie Arniel wins face-off versus Adam Mair in neutral zone.
Goals for this period are 1 for Harfangs vs 2 for Tamiflu.
Shots for this period are 16 for Harfangs vs 10 for Tamiflu.

3rd period


0:01 of 3rd period - Adam Mair wins face-off versus Jamie Arniel in neutral zone.
0:32 of 3rd period - Wrist shot by Greg Mauldin.
0:32 of 3rd period - Stopped by Jeremy Duchesne with a rebound.
0:34 of 3rd period - Slapshot by Jordan Hendry.
0:34 of 3rd period - Stopped by Jeremy Duchesne without a rebound.
0:35 of 3rd period - Greg Mauldin wins face-off versus Jean-Gabriel Pageau in Harfangs zone.
0:52 of 3rd period - Slapshot by Dustin Jeffrey.
0:52 of 3rd period - Goal by Dustin Jeffrey - Harfangs : 2 - Tamiflu : 2.
0:53 of 3rd period - Petr Pohl wins face-off versus Adam Mair in neutral zone.
1:06 of 3rd period - Snap shot by Petr Pohl.
1:06 of 3rd period - Stopped by Jeremy Duchesne with a rebound.
1:26 of 3rd period - Snap shot by Dustin Jeffrey.
1:26 of 3rd period - Shot Misses the Net.
1:28 of 3rd period - Snap shot by Jean-Gabriel Pageau.
1:28 of 3rd period - Shot Blocked by Philip Samuelsson.
2:39 of 3rd period - Wrist shot by Dustin Jeffrey.
2:39 of 3rd period - Stopped by Thomas Greiss with a rebound.
2:41 of 3rd period - Wrist shot by Brandon Pirri.
2:41 of 3rd period - Stopped by Thomas Greiss with a rebound.
2:43 of 3rd period - Snap shot by Brandon Pirri.
2:43 of 3rd period - Stopped by Thomas Greiss with a rebound.
2:52 of 3rd period - Minor Penalty to Nino Niederreiter for Roughing.
2:53 of 3rd period - Adam Mair wins face-off versus Petr Pohl in Tamiflu zone.
3:03 of 3rd period - Wrist shot by Jan Mursak.
3:03 of 3rd period - Stopped by Jeremy Duchesne with a rebound.
4:52 of 3rd period - Penalty to Nino Niederreiter is over, Nino Niederreiter is back on ice.
5:07 of 3rd period - Slapshot by Stefan Elliott.
5:07 of 3rd period - Deflect By Dustin Jeffrey.
5:07 of 3rd period - Stopped by Jeremy Duchesne with a rebound.
5:09 of 3rd period - Slapshot by Colin Greening.
5:09 of 3rd period - Stopped by Jeremy Duchesne without a rebound.
5:10 of 3rd period - Jean-Gabriel Pageau wins face-off versus Casey Wellman in Harfangs zone.
5:21 of 3rd period - Wrist shot by Dustin Jeffrey.
5:21 of 3rd period - Shot Misses the Net.
5:23 of 3rd period - Snap shot by Dylan Olsen.
5:23 of 3rd period - Shot Misses the Net.
5:25 of 3rd period - Wrist shot by Dustin Jeffrey.
5:25 of 3rd period - Stopped by Thomas Greiss without a rebound.
5:26 of 3rd period - Adam Mair wins face-off versus Greg Mauldin in Tamiflu zone.
5:27 of 3rd period - Snap shot by Cam Atkinson.
5:27 of 3rd period - Shot Blocked by Nino Niederreiter.
5:41 of 3rd period - Wrist shot by Greg Mauldin.
5:41 of 3rd period - Shot Misses the Net.
5:51 of 3rd period - Jamie Arniel is hit by Victor Bartley and loses puck.
6:12 of 3rd period - Jan Mursak is hit by Petri Kontiola.
6:49 of 3rd period - Icing by Brian Lashoff.
6:50 of 3rd period - Greg Mauldin wins face-off versus Calle Jarnkrok in Harfangs zone.
6:57 of 3rd period - Snap shot by Petr Pohl.
6:57 of 3rd period - Stopped by Jeremy Duchesne with a rebound.
7:03 of 3rd period - Snap shot by Calle Jarnkrok.
7:03 of 3rd period - Stopped by Thomas Greiss without a rebound.
7:04 of 3rd period - Greg Mauldin wins face-off versus Adam Mair in Tamiflu zone.
7:15 of 3rd period - Slapshot by Robert Dome.
7:15 of 3rd period - Deflect By Adam Mair.
7:15 of 3rd period - Stopped by Jeremy Duchesne with a rebound.
7:39 of 3rd period - Slapshot by Petri Kontiola.
7:39 of 3rd period - Shot Blocked by Stefan Elliott.
7:43 of 3rd period - Slapshot by Petri Kontiola.
7:43 of 3rd period - Stopped by Thomas Greiss without a rebound.
7:44 of 3rd period - Jan Mursak wins face-off versus Adam Mair in Tamiflu zone.
7:44 of 3rd period - Jan Mursak is hit by Adam Mair.
7:52 of 3rd period - Snap shot by Mattias Tedenby.
7:52 of 3rd period - Shot Misses the Net.
8:34 of 3rd period - Slapshot by Calle Jarnkrok.
8:34 of 3rd period - Shot Misses the Net.
8:36 of 3rd period - Snap shot by Calle Jarnkrok.
8:36 of 3rd period - Stopped by Thomas Greiss with a rebound.
8:50 of 3rd period - Slapshot by Stefan Elliott.
8:50 of 3rd period - Stopped by Jeremy Duchesne without a rebound.
8:51 of 3rd period - Jean-Gabriel Pageau wins face-off versus Casey Wellman in Harfangs zone.
8:51 of 3rd period - Jean-Gabriel Pageau is hit by Casey Wellman.
9:17 of 3rd period - Slapshot by Victor Bartley.
9:17 of 3rd period - Shot Blocked by Casey Wellman.
9:19 of 3rd period - Slapshot by Brian Lashoff.
9:19 of 3rd period - Deflect By Dustin Jeffrey.
9:19 of 3rd period - Goal by Dustin Jeffrey - Harfangs : 3 - Tamiflu : 2.
9:20 of 3rd period - Jamie Arniel wins face-off versus Adam Mair in neutral zone.
9:31 of 3rd period - Wrist shot by Alex Killorn.
9:31 of 3rd period - Shot Misses the Net.
9:33 of 3rd period - Slapshot by Victor Bartley.
9:33 of 3rd period - Stopped by Thomas Greiss without a rebound.
9:34 of 3rd period - Adam Mair wins face-off versus Greg Mauldin in Tamiflu zone.
9:45 of 3rd period - Snap shot by Alex Killorn.
9:45 of 3rd period - Stopped by Thomas Greiss without a rebound.
9:46 of 3rd period - Adam Mair wins face-off versus Jamie Arniel in Tamiflu zone.
10:25 of 3rd period - Off-side.
10:26 of 3rd period - Greg Mauldin wins face-off versus Adam Mair in neutral zone.
11:15 of 3rd period - Snap shot by Jean-Gabriel Pageau.
11:15 of 3rd period - Shot Misses the Net.
11:51 of 3rd period - Slapshot by Philip Samuelsson.
11:51 of 3rd period - Stopped by Jeremy Duchesne without a rebound.
11:52 of 3rd period - Jan Mursak wins face-off versus Adam Mair in Harfangs zone.
12:19 of 3rd period - Slapshot by Justin Braun.
12:19 of 3rd period - Deflect By Petr Pohl.
12:19 of 3rd period - Stopped by Jeremy Duchesne without a rebound.
12:20 of 3rd period - Petri Kontiola wins face-off versus Jamie Arniel in Harfangs zone.
12:45 of 3rd period - Andrew Orpik is hit by Philip Samuelsson and loses puck.
12:54 of 3rd period - Slapshot by Greg Mauldin.
12:54 of 3rd period - Stopped by Jeremy Duchesne with a rebound.
13:15 of 3rd period - Slapshot by Brandon Pirri.
13:15 of 3rd period - Shot Misses the Net.
13:17 of 3rd period - Wrist shot by Jean-Gabriel Pageau.
13:17 of 3rd period - Stopped by Thomas Greiss with a rebound.
13:19 of 3rd period - Snap shot by Jean-Gabriel Pageau.
13:19 of 3rd period - Shot Blocked by Nathan Oystrick.
13:21 of 3rd period - Snap shot by Jean-Gabriel Pageau.
13:21 of 3rd period - Shot Misses the Net.
13:23 of 3rd period - Snap shot by Jean-Gabriel Pageau.
13:23 of 3rd period - Stopped by Thomas Greiss with a rebound.
13:35 of 3rd period - Calle Jarnkrok is hit by Tye McGinn and loses puck.
14:04 of 3rd period - Wrist shot by Casey Wellman.
14:04 of 3rd period - Shot Blocked by Petri Kontiola.
14:06 of 3rd period - Wrist shot by Rich Clune.
14:06 of 3rd period - Shot Blocked by Dylan Olsen.
14:08 of 3rd period - Backhand shot by Nathan Oystrick.
14:08 of 3rd period - Deflect By Rich Clune.
14:08 of 3rd period - Goal by Rich Clune - Harfangs : 3 - Tamiflu : 3.
14:09 of 3rd period - Alex Killorn wins face-off versus Jamie Arniel in neutral zone.
14:36 of 3rd period - Philip Samuelsson is hit by Petri Kontiola.
14:58 of 3rd period - Andrew Orpik is hit by Greg Mauldin and loses puck.
15:07 of 3rd period - Wrist shot by Nino Niederreiter.
15:07 of 3rd period - Shot Misses the Net.
15:29 of 3rd period - Jan Mursak is hit by Nathan Beaulieu and loses puck.
15:40 of 3rd period - Minor Penalty to Dylan Olsen for Slashing.
15:41 of 3rd period - Alex Killorn wins face-off versus Tye McGinn in Harfangs zone.
16:12 of 3rd period - Adam Mair is hit by Robert Dome.
17:40 of 3rd period - Penalty to Dylan Olsen is over, Dylan Olsen is back on ice.
17:58 of 3rd period - Wrist shot by Jean-Gabriel Pageau.
17:58 of 3rd period - Shot Misses the Net.
18:36 of 3rd period - Snap shot by Tomas Tatar.
18:36 of 3rd period - Shot Blocked by Lucas Lessio.
18:38 of 3rd period - Wrist shot by Jean-Gabriel Pageau.
18:38 of 3rd period - Stopped by Thomas Greiss with a rebound.
18:40 of 3rd period - Slapshot by Victor Bartley.
18:40 of 3rd period - Deflect By Jean-Gabriel Pageau.
18:40 of 3rd period - Shot Blocked by Adam Larsson.
18:40 of 3rd period - Puck is out of play.
18:41 of 3rd period - Adam Mair wins face-off versus Casey Wellman in Tamiflu zone.
18:42 of 3rd period - Snap shot by Alex Killorn.
18:42 of 3rd period - Deflect By Jordan Hendry.
18:42 of 3rd period - Shot Misses the Net.
18:42 of 3rd period - Puck is out of play.
18:43 of 3rd period - Adam Mair wins face-off versus Casey Wellman in Tamiflu zone.
18:54 of 3rd period - Snap shot by Cam Atkinson.
18:54 of 3rd period - Stopped by Thomas Greiss without a rebound.
18:55 of 3rd period - Adam Mair wins face-off versus Jan Mursak in Tamiflu zone.
19:04 of 3rd period - Snap shot by Cam Atkinson.
19:04 of 3rd period - Stopped by Thomas Greiss with a rebound.
Goals for this period are 2 for Harfangs vs 1 for Tamiflu.
Shots for this period are 16 for Harfangs vs 13 for Tamiflu.

Overtime #1


0:01 of 1st overtime period - Jamie Arniel wins face-off versus Adam Mair in neutral zone.
0:04 of 1st overtime period - Wrist shot by Petr Pohl.
0:04 of 1st overtime period - Shot Blocked by Adam Mair.
0:08 of 1st overtime period - Snap shot by Petr Pohl.
0:08 of 1st overtime period - Stopped by Jeremy Duchesne without a rebound.
0:09 of 1st overtime period - Jamie Arniel wins face-off versus Adam Mair in Harfangs zone.
1:26 of 1st overtime period - Snap shot by Tye McGinn.
1:26 of 1st overtime period - Stopped by Jeremy Duchesne with a rebound.
1:28 of 1st overtime period - Wrist shot by Jamie Arniel.
1:28 of 1st overtime period - Goal by Jamie Arniel - Harfangs : 3 - Tamiflu : 4.
Goals for this period are 0 for Harfangs vs 1 for Tamiflu.
Shots for this period are 0 for Harfangs vs 3 for Tamiflu.